 Dungeon Crawl Stone Soup version 0.27.0-1-g7a089689b8 (webtiles) character file.

Game seed: 8906165309371404852

19317 Gnirx the Geomancer (level 12, -1/68 HPs)
             Began as a Gargoyle Earth Elementalist on Aug 12, 2021.
             Was an Elder of Vehumet.
             Slain by a killer bee (3 damage)
             ... on level 1 of the Lair of Beasts.
             The game lasted 00:52:22 (21005 turns).

Gnirx the Geomancer (Gargoyle Earth Elementalist)  Turns: 21005, Time: 00:52:23

Health: -1/68      AC: 18    Str: 13    XL:     12   Next: 67%
Magic:  28/28      EV: 11    Int: 20    God:    Vehumet [****..]
Gold:   948        SH:  0    Dex: 10    Spells: 25/35 levels left

rFire    . . .     SeeInvis .   x - +3 flail
rCold    . . .     Faith    .   (no shield)
rNeg     + . .     Spirit   .   V - +1 acid dragon scales
rPois    ∞         Reflect  .   (no helmet)
rElec    +         Harm     .   W - +2 cloak
rCorr    +         Rampage  .   (no gloves)
Will     +....                  (no boots)
Stlth    +.........             I - amulet of magic regeneration
HPRegen  0.21/turn              K - +4 ring of slaying
MPRegen  0.46/turn              C - ring of willpower

@: about to teleport
A: sickness immunity, AC +8, negative energy resistance 1, electricity
resistance, torment resistance 1, petrification resistance
a: Renounce Religion


You were on level 1 of the Lair of Beasts.
You worshipped Vehumet.
Vehumet was greatly pleased with you.
You visited 3 branches of the dungeon, and saw 14 of its levels.

You collected 948 gold pieces.

Inventory:

Hand Weapons
 a - a +0 short sword
 g - a +0 whip
 w - a +0 morningstar
 x - a +3 flail (weapon)
Missiles
 e - 14 curare-tipped darts
 k - 23 poisoned darts
 n - 7 datura-tipped darts
 t - 92 arrows
 S - 162 stones
Armour
 b - a +0 robe
 c - a +0 kite shield
 V - +1 acid dragon scales (worn)
 W - a +2 cloak (worn)
Magical Staves
 m - a staff of air
Jewellery
 i - a ring of fire
 p - a ring of protection from cold
 C - a ring of willpower (right hand)
 H - a ring of resist corrosion
 I - an amulet of magic regeneration (around neck)
 J - a ring of positive energy
 K - a +4 ring of slaying (left hand)
 Q - a ring of ice
 T - a ring of flight
 U - a ring of positive energy
Wands
 N - a wand of polymorph (8)
 P - a wand of flame (24)
 Y - a wand of charming (8)
Scrolls
 d - 5 scrolls of amnesia
 f - 2 scrolls of enchant weapon
 l - 2 scrolls of teleportation
 q - 3 scrolls of enchant armour
 r - 2 scrolls of magic mapping
 v - a scroll of silence
 y - 3 scrolls of noise
 z - a scroll of blinking
 B - 2 scrolls of immolation
 R - a scroll of fog
 X - a scroll of summoning
Potions
 h - a potion of ambrosia
 j - 3 potions of cancellation
 o - 3 potions of curing
 s - 2 potions of lignification {unknown}
 u - a potion of magic {unknown}
 A - 4 potions of haste {unknown}
 D - 3 potions of attraction
 E - 2 potions of brilliance {unknown}
 F - 2 potions of invisibility {unknown}
 G - 2 potions of flight
 L - 2 potions of berserk rage {unknown}
 M - 2 potions of degeneration {unknown}
 O - 2 potions of might {unknown}
 Z - a potion of heal wounds {unknown}


   Skills:
 + Level 4.9 Fighting
 + Level 1.3 Long Blades
 + Level 6.0 Maces & Flails
 - Level 1.7 Dodging
 - Level 2.1 Stealth
 - Level 4.0 Shields
 * Level 12.3 Spellcasting
 + Level 1.5 Hexes
 - Level 0.7 Transmutations
 * Level 14.8 Earth Magic


You had 25 spell levels left.
You knew the following spells:

 Your Spells              Type           Power      Damage    Failure   Level
a - Sandblast             Erth           100%       2d20      0%          1
b - Passwall              Tmut/Erth      35%        N/A       1%          2
c - Stone Arrow           Conj/Erth      84%        3d12      1%          3
d - Petrify               Tmut/Erth      43%        N/A       3%          4

Your spell library contained the following spells:

 Spells                   Type           Power      Damage    Failure   Level
 Olgreb's Toxic Radiance  Pois           12%        N/A       21%         4
 Ignite Poison            Fire/Tmut/Pois 13%        N/A       6%          3
 Conjure Flame            Conj/Fire      12%        6-21      7%          3
 Wereblood                Tmut           15%        N/A       9%          2
 Sticky Flame             Conj/Fire      12%        2d4       21%         4
 Swiftness                Air            12%        N/A       24%         3
 Invisibility             Hex            9%         N/A       100%        6
 Summon Hydra             Summ           6%         N/A       100%        7
 Sublimation of Blood     Necr           Unusable   N/A       N/A         2

Dungeon Overview and Level Annotations

Branches:
Dungeon (11/15)            Temple (1/1) D:5            Lair (2/6) D:11
    Orc (0/2) D:10
  Swamp: Lair:2-4    Shoals: Lair:2-4     Snake: Lair:2-4    Spider: Lair:2-4

Altars:
Ashenzari
Cheibriados
Dithmenos
Elyvilon
Hepliaklqana
Kikubaaqudgha
Qazlal
Ru
Trog
Uskayaw
Vehumet
Wu Jian
Xom
Yredelemnul
Zin
The Shining One
Jiyva

Shops:
D:2 *   D:6 *

Portals:
Abyss: D:9

Annotations:
D:2 Robin
D:8 Grum
D:9 2 transporters, Acheron's ghost, novice TrAE
D:11 3 runed translucent doors, GordonOverkill's ghost, journeyman OpAM
Lair:2 1 transporter


Innate Abilities, Weirdness & Mutations

You are immune to sickness and miasma.
Your stone body is resilient. (AC +8)
You are immune to poison.
You resist negative energy. (rN+)
You are resistant to electric shocks. (rElec)
You are resistant to unholy torment.
You are immune to petrification.


Message History

The killer bee stings you but does no damage.
The killer bee stings you but does no damage. x2
The killer bee stings you.
* * * LOW HITPOINT WARNING * * *
The killer bee stings you but does no damage. x3
The killer bee misses you.
The killer bee stings you but does no damage. x3
The killer bee closely misses you. The killer bee barely misses you.
The killer bee closely misses you. The killer bee closely misses you.
The killer bee completely misses you. The killer bee barely misses you.
The killer bee closely misses you.
The killer bee stings you but does no damage. x2
The killer bee barely misses you.
The killer bee stings you but does no damage.
The killer bee stings you.
* * * LOW HITPOINT WARNING * * *
The killer bee stings you.
* * * LOW HITPOINT WARNING * * *
The killer bee stings you but does no damage.
There is a stone staircase leading up here.
The killer bee barely misses you. x2
The killer bee stings you but does no damage. x2
The killer bee closely misses you.
The killer bee stings you but does no damage.
The killer bee barely misses you. x2
The killer bee stings you but does no damage.
You climb upwards.
There is a stone staircase leading down here.
As you read the scroll of teleportation, it crumbles to dust.
You feel strangely unstable. The killer bee stings you.
* * * LOW HITPOINT WARNING * * *
The killer bee barely misses you.
The killer bee stings you but does no damage. x2
The killer bee closely misses you. The killer bee barely misses you.
The killer bee closely misses you.
The killer bee stings you but does no damage.
The killer bee stings you.
* * * LOW HITPOINT WARNING * * *
The killer bee stings you.
You die...

#..## #.## #.##..#.#
#...########.# #........
##............# #......[.
##....#####.#..### #........
.......# ##...#.########........
......## ##....................
#.#...# #....................
####..# #...y................
#P..#### #...@y...............
##..##P####..yyy...............
#.............................
##.............................
###.......................####.##
#.##.......................# ####
..........................##
...................)......#######
##...............................


You could see 5 killer bees.

Vanquished Creatures
  A boulder beetle (Lair:2)
  Erica (D:10)
  3 death yaks
  A wizard (D:11)
  2 cyclopes (D:11)
  A black mamba (Lair:1)
  A rime drake (Lair:1)
  5 cane toads
  3 komodo dragons (Lair:1)
  Maggie (Lair:1)
  A troll (D:11)
  A queen bee (Lair:2)
  2 vampires (D:11)
  A wyvern (Lair:1)
  3 shadows
  5 wraiths
  2 basilisks (Lair:1)
  18 yaks
  A warg (D:10)
  5 water moccasins (Lair:1)
  4 black bears
  5 orc warriors
  3 ice beasts
  A hornet zombie (D:7)
  A necrophage (D:7)
  3 ogres
  16 wolves
  2 gnoll sergeants (D:10)
  2 kobold brigands
  A phantom (D:6)
  5 bullfrogs
  A water moccasin zombie (D:6)
  A wyvern zombie (D:6)
  3 scorpions
  A water moccasin skeleton (D:5)
  4 killer bees (Lair:2)
  3 wights
  3 electric eels
  2 howler monkeys
  2 bullfrog zombies
  4 centaur zombies
  5 hounds
  9 orc priests
  A centaur skeleton (D:7)
  5 iguanas
  12 orc wizards
  Natasha (thrice) (D:4)
  A hound zombie (D:5)
  A howler monkey zombie (D:9)
  8 gnolls (D:10)
  3 adders
  A white imp (D:7)
  An adder skeleton (D:2)
  2 worms
  4 dart slugs
  36 orcs
  8 ball pythons
  6 endoplasms
  2 giant cockroaches
  15 goblins
  12 hobgoblins
  9 jackals
  3 quokkas
  6 bats
  3 frilled lizards
  12 kobolds
  6 rats
299 creatures vanquished.

Vanquished Creatures (others)
  4 fungi (Lair:1)
  19 plants
23 creatures vanquished.

Grand Total: 322 creatures vanquished

Notes
Turn   | Place    | Note
-------+----------+-------------------------------------------
     0 | D:1      | Gnirx the Gargoyle Earth Elementalist began the quest for
                  | the Orb.
     0 | D:1      | Reached XP level 1. HP: 10/10 MP: 3/3
   253 | D:1      | Reached XP level 2. HP: 8/15 MP: 5/5
   456 | D:1      | Reached skill level 4 in Earth Magic
   990 | D:1      | Found a faded altar of an unknown god.
  1495 | D:2      | Reached XP level 3. HP: 19/19 MP: 6/6
  1503 | D:2      | Noticed Robin
  2140 | D:2      | Found Utagh's Assorted Antiques.
  2158 | D:2      | Reached skill level 1 in Maces & Flails
  2426 | D:2      | Reached XP level 4. HP: 18/24 MP: 8/8
  2594 | D:2      | Reached skill level 1 in Fighting
  3437 | D:3      | Reached XP level 5. HP: 13/29 MP: 6/9
  3859 | D:3      | Found a white marble altar of Elyvilon.
  4082 | D:4      | Noticed an ogre
  4092 | D:4      | Killed an ogre
  4093 | D:4      | Reached skill level 5 in Earth Magic
  4111 | D:4      | Reached XP level 6. HP: 18/35 MP: 5/11
  4330 | D:4      | Learned a level 2 spell: Passwall
  4334 | D:4      | Learned a level 3 spell: Stone Arrow
  5116 | D:4      | Identified the +1 chain mail "Xakluse" {rF+ Will+}
  5358 | D:4      | Noticed Natasha
  5362 | D:4      | Killed Natasha
  5424 | D:4      | Noticed Natasha
  5431 | D:4      | Killed Natasha
  5432 | D:4      | Reached XP level 7. HP: 33/40 MP: 11/13
  5435 | D:4      | Noticed Natasha
  5441 | D:4      | Killed Natasha
  5442 | D:4      | Reached skill level 6 in Earth Magic
  5851 | D:4      | Found an ornate altar of the Wu Jian Council.
  5958 | D:5      | Entered Level 5 of the Dungeon
  5958 | D:5      | Found a staircase to the Ecumenical Temple.
  5969 | Temple   | Entered the Ecumenical Temple
  6092 | Temple   | Became a worshipper of Vehumet
  6210 | D:5      | Found an ancient bone altar of Kikubaaqudgha.
  7099 | D:6      | Found Aweef's Elemental Accessories.
  7102 | D:6      | Reached XP level 8. HP: 27/46 MP: 15/15
  7501 | D:6      | Reached skill level 5 in Spellcasting
  7501 | D:6      | Reached skill level 7 in Earth Magic
  8096 | D:6      | Reached skill level 8 in Earth Magic
  8549 | D:5      | HP: 2/46 [wight (11)]
  9319 | D:7      | Reached XP level 9. HP: 40/51 MP: 18/18
  9324 | D:7      | Reached skill level 5 in Maces & Flails
  9415 | D:7      | Reached * piety under Vehumet
  9415 | D:7      | Offered knowledge of Magic Dart by Vehumet.
  9898 | D:7      | Reached skill level 9 in Earth Magic
 10013 | D:7      | Found a broken altar of Ashenzari.
 10512 | D:7      | Found a glowing silver altar of Zin.
 10512 | D:7      | Noticed an angel
 10722 | D:8      | Noticed Grum
 11191 | D:9      | Found a transporter.
 11215 | D:9      | Noticed a hellwing
 11216 | D:9      | Noticed Acheron's ghost (novice TrAE)
 11244 | D:9      | Found a transporter.
 11247 | D:9      | Found a one-way gate to the infinite horrors of the Abyss.
 11247 | D:9      | Noticed a toenail golem
 11256 | D:9      | Noticed a toenail golem
 11278 | D:9      | Reached skill level 10 in Earth Magic
 12077 | D:9      | Noticed a kobold demonologist
 12130 | D:10     | Entered Level 10 of the Dungeon
 12130 | D:10     | Noticed Erica
 12136 | D:10     | Killed Erica
 12137 | D:10     | Reached skill level 11 in Earth Magic
 12137 | D:10     | Reached XP level 10. HP: 56/56 MP: 17/22
 12195 | D:10     | Found a sacrificial altar of Ru.
 12198 | D:10     | Found a bloodstained altar of Trog.
 12506 | D:10     | Reached ** piety under Vehumet
 12632 | D:10     | Found a glowing golden altar of the Shining One.
 12714 | D:10     | Offered knowledge of Searing Ray by Vehumet.
 13606 | D:10     | Found a staircase to the Orcish Mines.
 14454 | D:11     | Noticed a cyclops
 14470 | D:11     | Killed a cyclops
 14471 | D:11     | Reached skill level 1 in Long Blades
 14471 | D:11     | Reached skill level 1 in Hexes
 14672 | D:11     | Noticed a wizard
 14676 | D:11     | Noticed a cyclops
 14679 | D:11     | Found a runed translucent gate.
 14679 | D:11     | Found a runed translucent gate.
 14679 | D:11     | Found a runed translucent gate.
 14681 | D:11     | Noticed GordonOverkill's ghost (journeyman OpAM)
 14842 | D:11     | Reached skill level 12 in Earth Magic
 15031 | D:11     | Reached XP level 11. HP: 57/61 MP: 21/24
 15128 | D:11     | Found a staircase to the Lair.
 15353 | D:11     | Noticed a cyclops
 15361 | D:11     | Killed a cyclops
 15398 | D:11     | Offered knowledge of Mephitic Cloud by Vehumet.
 15554 | D:11     | Learned a level 4 spell: Petrify
 15564 | D:11     | Noticed a frost giant
 15570 | D:11     | Noticed a five-headed hydra
 15982 | D:11     | Reached *** piety under Vehumet
 16267 | D:11     | Reached skill level 10 in Spellcasting
 16359 | D:11     | Noticed a wizard
 16368 | D:11     | Killed a wizard
 16671 | Lair:1   | Entered Level 1 of the Lair of Beasts
 16886 | Lair:1   | Reached skill level 13 in Earth Magic
 17164 | Lair:1   | Noticed Maggie
 17175 | Lair:1   | Killed Maggie
 18210 | Lair:1   | Reached XP level 12. HP: 40/67 MP: 12/27
 18594 | Lair:1   | Offered knowledge of Olgreb's Toxic Radiance by Vehumet.
 19106 | Lair:2   | Noticed a boulder beetle
 19173 | Lair:1   | Reached skill level 14 in Earth Magic
 19225 | Lair:2   | Killed a boulder beetle
 19478 | Lair:2   | Noticed a death yak
 19530 | Lair:2   | Killed a death yak
 19631 | Lair:2   | Found a transporter.
 20090 | Lair:2   | Reached **** piety under Vehumet
 20117 | Lair:2   | Noticed a death yak
 20183 | Lair:2   | Killed a death yak
 20378 | Lair:2   | Noticed a death yak
 20425 | Lair:1   | Killed a death yak
 21005 | Lair:1   | HP: 2/68 [killer bee (4)]
 21005 | Lair:1   | Slain by a killer bee

Illustrated notes

Levels and vault maps discovered:
D:1:      eino_arrival_cavern_b, layout_rooms,
          shapermc_ecumenical_altar_mp_vishouse
D:2:      layout_rooms, serial_shops, nicolae_shop_competitors_out_of_business,
          serial_bayou_pond_d, nrook_uturn, uniq_robin
D:3:      layout_rooms, mainiacjoe_overflow_cross_hatched
D:4:      layout_cave_pools, nzn_wu_jian_council_hall, uniq_natasha
D:5:      layout_loops_ring, mainiacjoe_overflow_small_starburst,
          minmay_temple_entry_overgrown
D:6:      layout_loops_ring, mainiacjoe_overflow_alcove_4, minitemple,
          nicolae_elemental_shop
D:7:      black_bear_nest_1, layout_rooms, mainiacjoe_overflow_alcove_2,
          zin_angel
D:8:      layout_loops_corners, uniq_grum
D:9:      layout_stronghold, gammafunk_ghost_abyssal_escape
D:10:     layout_loops_corners, nicolae_tso_swordbearing_angel,
          nicolae_overflow_hidden_temple, erik_orc_3, uniq_erica
D:11:     layout_small_grid, erik_lair_island, enter_bailey_5,
          gammafunk_ghost_split, minmay_misc_feat_columns
Temple:   pf_slime_end_temple
Lair:1:   layout_small_grid, serial_bayou_shore_b, serial_bayou_shore_a,
          uniq_maggie
Lair:2:   layout_hall_layers, gammafunk_ghost_wrathful_warriors, special_room
          [special_room_bee], lightli_volcano_entry_magma_tube,
          grunt_megastairs_3

Skill      XL: |  1  2  3  4  5  6  7  8  9 10 11 12 |
---------------+-------------------------------------+-----
Earth Magic    | 4 5 6 8 11 12 13 14 | 14.8
Maces & Flails | 1 2 3 4 5 6 |  6.0
Fighting       | 1 2 3 4 |  4.9
Spellcasting   | 3 4 6 8 9 11 12 | 12.3
Shields        | 4 |  4.0
Long Blades    | 1 |  1.3
Hexes          | 1 |  1.5
Dodging        | |  1.7
Stealth        | |  2.1
Transmutations | |  0.7

Action                   |  1- 3 |  4- 6 |  7- 9 | 10-12 || total
-------------------------+-------+-------+-------+-------++-------
Melee: Short sword       |    15 |       |       |       ||    15
       Unarmed           |    12 |       |       |       ||    12
       Whip              |   140 |   187 |       |       ||   327
       Flail             |       |    15 |   157 |   128 ||   300
 Cast: Sandblast         |    12 |    37 |   131 |    65 ||   245
       Stone Arrow       |       |       |       |   272 ||   272
  Use: Scroll            |       |     1 |     9 |    10 ||    20
 Stab: Sleeping          |     1 |     1 |       |     1 ||     3
Armor: Robe              |    70 |    73 |    89 |    96 ||   328
       Acid dragon scale |       |       |       |   128 ||   128
Dodge: Dodged            |   161 |   134 |   161 |   243 ||   699
Block: Kite shield       |       |       |       |     4 ||     4
